 Dungeon Crawl Stone Soup version 0.29.0-5-ge4962eb29e (webtiles) character file.

Game seed: 9147719877931450746

48 sanka the Sneak (level 4, 0/38 HPs)
             Began as a Meteoran Delver on Aug 28, 2022.
             Slain by a goblin
             ... wielding a +0 dagger
             ... led by Robin
              (5 damage)
             ... on level 4 of the Dungeon.
             The game lasted 00:01:16 (202 turns).

sanka the Sneak (Meteoran Delver)                    Turns: 202, Time: 00:01:17

Health: 0/38       AC:  3    Str: 13    XL:     4   Next: 18%
Magic:  5/5        EV: 12    Int: 12    God:
Gold:   26         SH:  0    Dex: 17    Spells: 3/3 levels left

rFire   + . .      SeeInvis .   h - +0 great sword
rCold   . . .      Faith    .   (shield currently unavailable)
rNeg    . . .      Spirit   .   a - +0 leather armour
rPois   .          Reflect  .   (no helmet)
rElec   .          Harm     .   (no cloak)
rCorr   .          Rampage  .   (no gloves)
Will    .....                   (no boots)
Stlth   +.........              (no amulet)
HPRegen 0.12/turn               g - ring of protection from fire
MPRegen 0.09/turn               (no ring)

@: glowing
A: sense surroundings 1, otherworldly, glowing, explore regen
a: no special abilities


You were on level 4 of the Dungeon.
You visited 1 branch of the dungeon, and saw 2 of its levels.

You collected 26 gold pieces.


Innate Abilities, Weirdness & Mutations

You passively map a small area around you.
You are easily found by Zot.
You glow in the dark.
You regain HP and MP as you explore.


   Skills:
 - Level 3.2 Fighting
 + Level 3.7 Long Blades
 - Level 2.4 Dodging
 - Level 3.7 Stealth
 - Level 2.7 Unarmed Combat


You had 3 spell levels left.
You didn't know any spells.
Your spell library was empty.

Inventory:

Hand Weapons
 h - a +0 great sword (weapon)
Missiles
 i - a throwing net {=f}
Armour
 a - a +0 leather armour (worn)
Jewellery
 g - a ring of protection from fire (left hand)
Wands
 f - a wand of digging (3)
Scrolls
 b - a scroll of fog
 c - a scroll of magic mapping
 d - a scroll of fear
Potions
 e - a potion of haste {@q3}

Dungeon Overview and Level Annotations

Branches:
Dungeon (5/15) Zot: 985    Temple (0/1) D:4

Altars:
The Shining One

Annotations:
D:4 Robin

,...▒▒.g.g▒ ░ ░ ,
..........▒ ░ ,▒
.!....▒... , , ,,.▒ ░
.........▒▒▒ , ▒▒..▒ ░
. ....▒.g.... , .▒..▒
, .. ,
.....g.▒▒▒▒▒▒▒....▒ ,
,▒.▒ ▒...............▒
▒...
▒▒▒.g.g▒▒▒▒▒.....▒
▒▒..▒.)...▒gggpg.▒░
░,, ░
▒▒....<▒.....▒▒▒▒▒▒..
,,,
.......))▒............
,
....▒▒▒▒.........>....
, ...,,
▒..............., ..,
,▒................ ░
,,...................,
░ ..£............▒▒b▒▒
, ...................>


You could see Robin, a hobgoblin (strong) and 4 goblins.


Message History

The hobgoblin shouts!
You hear a shout!
You hear a shout!
The goblin hits you with a +0 dagger.
* * * LOW HITPOINT WARNING * * *
The goblin closely misses you.
Robin roars a battlecry!
The goblins go into a battle-frenzy!
A goblin comes into view. It is wielding a +0 dagger.
A goblin comes into view. It is wielding a +0 dagger.
A goblin comes into view. It is wielding a +1 dagger of venom.
The goblin hits you with a +0 club.
* * * LOW HITPOINT WARNING * * *
The goblin closely misses you.
You hit the goblin.
The goblin is moderately wounded.
The goblin hits you but does no damage. The goblin hits you with a +0 club.
* * * LOW HITPOINT WARNING * * *
Unknown command.
You slash the goblin!
You kill the goblin!
Robin throws the goblin at you! The goblin hits you with a +0 dagger.
* * * LOW HITPOINT WARNING * * *
The goblin hits you but does no damage.
A goblin comes into view. It is wielding a +0 club.
The goblin hits you but does no damage. The goblin hits you with a +0 dagger.
You die...

Action                   |  1- 3 |  4- 6 || total
-------------------------+-------+-------++-------
Melee: Unarmed           |     3 |       ||     3
       Great sword       |     7 |    17 ||    24
Armor: Leather armour    |     8 |     6 ||    14
Dodge: Dodged            |     3 |    15 ||    18

Levels and vault maps discovered:
D:4:      layout_rooms, overflow_temple_1_default,
          minmay_temple_entry_butterflies, serial_curves, eino_curves_01,
          eino_curves_01, eino_curves_02, eino_curves_04, nrook_mini_backslash,
          uniq_robin
D:5:      layout_cave_pods, tso_oasis_becter, uniq_grinder

Notes
Turn   | Place    | Note
-------+----------+-------------------------------------------
     0 | D:5      | sanka the Meteoran Delver began the quest for the Orb.
     0 | D:5      | Reached XP level 1. HP: 19/19 MP: 2/2
    96 | D:5      | Found a glowing golden altar of the Shining One.
   118 | D:5      | Reached skill level 1 in Long Blades
   118 | D:5      | Reached XP level 2. HP: 23/26 MP: 3/3
   140 | D:4      | Noticed a hound
   140 | D:4      | Found a staircase to the Ecumenical Temple.
   146 | D:4      | Killed a hound
   147 | D:4      | Reached skill level 3 in Long Blades
   147 | D:4      | Reached XP level 3. HP: 28/31 MP: 4/4
   151 | D:4      | Reached XP level 4. HP: 23/38 MP: 5/5
   196 | D:4      | Noticed Robin
   202 | D:4      | Slain by a goblin

Vanquished Creatures
  A hound (D:4)
  A white imp (D:5)
  An orc (D:5)
  An endoplasm (D:4)
  4 goblins (D:4)
  A hobgoblin (D:4)
  2 kobolds (D:4)
11 creatures vanquished.
